 Dungeon Crawl Stone Soup version 0.26-a0-812-g31a745ddcd (webtiles) character file.

Game seed: 8709458791673209447

54 Lanoc the Ducker (level 3, 0/45 HPs)
             Began as a Minotaur Necromancer on Nov 23, 2020.
             Slain by a bat (1 damage)
             ... on level 3 of the Dungeon.
             The game lasted 00:03:13 (1561 turns).

Lanoc the Ducker (Minotaur Necromancer)             Turns: 1561, Time: 00:03:14

Health: 0/45       AC: 21    Str: 12    XL:     3   Next: 66%
Magic:  4/4        EV:  2    Int: 13    God:
Gold:   82         SH:  0    Dex: 10    Spells: 2/4 levels left

rFire    + . .     SeeInvis .   (no weapon)
rCold    + . .     Faith    .   (no shield)
rNeg     + + +     Spirit   .   (armour currently unavailable)
rPois    +         Reflect  .   (helmet currently unavailable)
rElec    +         Harm     .   (cloak currently unavailable)
rCorr    +         Rampage  .   (gloves currently unavailable)
MR       .....     NoTele   +   (boots currently unavailable)
Stlth    ++........             (no amulet)
HPRegen  0.15/turn              (no ring)
MPRegen  0.09/turn              (no ring)

@: lethally poisoned (0 -> -2), tree-form, resistant
A: (retaliatory headbutt)
a: no special abilities


You were on level 3 of the Dungeon.
You were a tree.
You visited 1 branch of the dungeon, and saw 3 of its levels.

You collected 82 gold pieces.

Inventory:

Armour
 a - a +0 robe (melded)
Potions
 b - a potion of resistance


   Skills:
 + Level 2.8 Fighting
 + Level 3.5 Dodging
 - Level 1.5 Stealth
 - Level 1.3 Spellcasting
 - Level 2.9 Necromancy


You had 2 spell levels left.
You knew the following spells:

 Your Spells              Type           Power        Failure   Level
a - Pain                  Necr           #...         9%          1
b - Animate Skeleton      Necr           #.....       9%          1

Your spell library contained the following spells:

 Spells                   Type           Power        Failure   Level
 Vampiric Draining        Necr           #.........   24%         3
 Animate Dead             Necr           #.........   63%         4
 Agony                    Necr           #.......     92%         5


Dungeon Overview and Level Annotations

Branches:
Dungeon (3/15)

Altars:
The Shining One


Innate Abilities, Weirdness & Mutations

((You reflexively headbutt those who attack you in melee.))
((You have a pair of horns on your head.))


Message History

You barely miss the kobold.
* * * LOW HITPOINT WARNING * * *
You feel sick.
The jackal bites you but does no damage.
The adder skeleton bites you but does no damage.
The kobold barely misses you.
The quokka skeleton bites you but does no damage.
The hound skeleton bites you but does no damage.
The bat hits you but does no damage.
The jackal bites you but does no damage.
You barely miss the kobold. The bat hits you but does no damage.
The adder skeleton bites you but does no damage.
The hound skeleton bites you but does no damage.
The kobold hits you but does no damage.
The quokka skeleton bites you but does no damage.
The jackal bites you but does no damage.
You hit the kobold.
You kill the kobold!
The bat hits you.
You die...

#######. #......#
#......# #......# #
#......### #.
#........## #.#####
#Z.K...(..#
##...h.###.(w......#
#..b♣Zw.##†.......>#
#...)ZZ...†.....#####
#...............#
....>.......#..8..#
###.......?.#....!#
#.........#...$.#
#..........[..#...
#...............##
........$......


You could see a worm, a jackal, a bat, an adder skeleton, a quokka skeleton and
a hound skeleton.

Vanquished Creatures
  An adder (D:3)
  An ooze (D:1)
  An adder skeleton (D:3)
  A dart slug (D:2)
  2 leopard geckos
  An orc (D:3)
  5 bats
  2 giant cockroaches
  5 goblins
  2 hobgoblins
  A jackal (D:3)
  4 frilled lizards
  5 kobolds
  4 rats
35 creatures vanquished.

Vanquished Creatures (others)
  13 toadstools
13 creatures vanquished.

Grand Total: 48 creatures vanquished

Notes
Turn   | Place    | Note
-------+----------+-------------------------------------------
     0 | D:1      | Lanoc the Minotaur Necromancer began the quest for the Orb.
     0 | D:1      | Reached XP level 1. HP: 14/14 MP: 1/1
     3 | D:1      | Learned a level 1 spell: Animate Skeleton
   119 | D:2      | Found a glowing golden altar of the Shining One.
   149 | D:2      | Reached skill level 1 in Fighting
   248 | D:2      | Reached XP level 2. HP: 23/23 MP: 0/3
   866 | D:1      | Reached skill level 3 in Dodging
  1067 | D:1      | Reached XP level 3. HP: 12/29 MP: 1/4
  1555 | D:3      | HP: 2/45 [quokka skeleton (1)]
  1561 | D:3      | Slain by a bat

Illustrated notes

Levels and vault maps discovered:
D:1:      minmay_arrival_hallway, layout_basic, minmay_gold_behind_fungi,
          st_stairs_1, nrook_loot_triangle
D:2:      cheibrodos_fertilizer, layout_loops_ring, lemuel_crystal_altar
D:3:      layout_rooms, overflow_temple_1_default,
          gammafunk_temple_overflow_statue, gup_sewer_entry_spiral,
          serial_undead, serial_undead_b, serial_undead_d, serial_undead_e,
          serial_undead_b, okawaru_metal_pillars_1_2

Skill      XL: |  1  2 |
---------------+-------+-----
Fighting       | 1 2 |  2.8
Dodging        | 3 |  3.5
Stealth        | |  1.5
Spellcasting   | |  1.3
Necromancy     | |  2.9

Action                   || total
-------------------------++-------
Melee: Unarmed           ||    84
       Headbutt          ||     9
 Cast: Pain              ||    25
       Animate Skeleton  ||     1
  Use: Scroll            ||     3
       Potion            ||     2
 Stab: Sleeping          ||     1
Armor: Robe              ||    11
       Skin              ||    49
Dodge: Dodged            ||    76

Table legend: (Time is in decaauts)
 A = Elapsed time spent in this place.
 B = Non-inter-level travel time spent in this place.
 C = Inter-level travel time spent in this place.
 D = Time resting spent in this place.
 E = Time spent auto-exploring this place.
 F = Levels seen in this place.
 G = Mean time per level.
                   A        B        C        D        E       F      G
               +--------+--------+--------+--------+--------+-----+--------+
         Total |   1562 |   1512 |     50 |    257 |    928 |   3 |  520.7 |
       Dungeon |   1562 |   1512 |     50 |    257 |    928 |   3 |  520.7 |
               +--------+--------+--------+--------+--------+-----+--------+

Top non-repeatable levels by time:
     D:1: 1092 daAuts
     D:2: 429 daAuts
     D:3: 40 daAuts
